Map: Tourmaline LE

Players

ShoWTimE - Winner!

  • Race: Protoss Protoss
  • League: Master
  • Spawn Location: 7:00

BabyMarine

  • Race: Terran Terran
  • Spawn Location: 1:00

VOD

Have the link to the VOD?

Description

Time

  • Played on: Jan. 31, 2026, 12:32 p.m.
  • Length: 7:41
Show
View Real Time Build Order
Export as new Build Order

ShoWTimE Protoss - Winner!

Build Orders: 1 Gate Expand, Blink Stalkers 

Get SALT Encoding   

  12  0:00  Probe  
  13  0:12  Probe  
  14  0:16  Pylon  
  14  0:23  Probe  
  15  0:32  Probe  
  15  0:35  Gateway  
  15  0:40  Probe  
  16  0:45  Assimilator  
  17  0:50  Probe  
  18  1:03  Probe  
  19  1:15  Probe  
  20  1:22  Cybernetics Core  
  20  1:31  Nexus  
  20  1:33  Probe  
  21  1:40  Pylon  
  21  1:45  Probe  
  22  1:48  Adept, Assimilator  
  22  1:57  Probe  
  22  1:59  Warp Gate  
  25  2:08  Adept  
  25  2:09  Probe  
  26  2:21  Probe  
  29  2:27  Twilight Council  
  29  2:33  Probe  
  29  2:34  Blink  
  30  2:39  Stalker  
  30  2:44  Probe  
  33  2:45  Probe  
  34  2:52  Gateway  
  34  2:56  Probe  
  34  2:58  Probe  
  36  3:08  Probe  
  36  3:10  Probe  
  38  3:20  Probe  
  38  3:24  Probe  
  38  3:25  Robotics Facility  
  40  3:27  Gateway  
  40  3:33  Pylon, Probe  
  41  3:38  Probe  
  42  3:45  Probe  
  43  3:49  Stalker  
  43  3:50  Probe  
  43  3:51  Stalker  
  48  3:56  Pylon  
  48  3:57  Probe  
  48  3:58  Assimilator  
  48  4:02  Probe  
  50  4:05  Warp Prism  
  50  4:09  Probe  
  51  4:14  Pylon, Stalker  
  53  4:23  Stalker  
  51  4:25  Probe  
  51  4:30  Probe  
  53  4:36  Stalker  
  53  4:37  Observer  
  55  4:39  Stalker  
  55  4:40  Probe  
  55  4:42  Probe  
  61  4:52  Probe  
  61  4:55  Probe  
  61  4:57  Pylon  
  62  5:07  Nexus  
  62  5:08  Probe  
  62  5:10  Charge  
  62  5:13  Probe  
  64  5:16  Stalker  
  64  5:20  Stalker  
  64  5:30  Probe  
  64  5:31  Probe  
  64  5:32  Gateway  
  66  5:42  Probe, Stalker x2  
  71  5:44  Probe  
  72  5:52  Gateway  
  72  5:54  Probe  
  72  5:55  Gateway  
  74  6:04  Probe  
  70  6:12  Stalker x3  
  70  6:18  Gateway  
  72  6:20  Probe  
  72  6:21  Gateway  
  72  6:23  Probe  
  74  6:28  Shield Battery  
  74  6:29  Stalker  
  74  6:32  Shield Battery  
  76  6:40  Gateway, Pylon  
  76  6:47  Zealot x2  
  76  6:50  Probe  
  76  6:52  Zealot x4  
  76  6:53  Pylon  
  84  7:07  Stalker x2  
  88  7:11  Pylon  
  88  7:13  Zealot x2, Pylon  
  88  7:15  Stalker  
  91  7:20  Zealot x2  
  89  7:24  Zealot  
  89  7:27  Pylon  
Show
View Real Time Build Order
Export as new Build Order

BabyMarine Terran 

Build Orders:  

Get SALT Encoding   

  12  0:00  SCV  
  13  0:12  SCV  
  14  0:16  Supply Depot  
  14  0:24  SCV  
  15  0:38  SCV  
  15  0:40  Barracks  
  16  0:43  Refinery  
  16  0:50  SCV  
  17  1:02  SCV  
  18  1:14  SCV  
  19  1:27  Marine, Orbital Command  
  20  1:39  Command Center  
  20  1:50  Factory  
  20  1:53  SCV  
  21  2:04  Barracks Reactor, Supply Depot  
  21  2:07  SCV  
  22  2:19  SCV  
  22  2:21  Refinery  
  23  2:31  SCV  
  24  2:41  Starport  
  24  2:45  Hellion x2, SCV  
  29  2:58  SCV  
  30  2:59  Supply Depot  
  30  3:06  Hellion x2  
  33  3:13  Orbital Command  
  33  3:15  SCV  
  33  3:16  Barracks Tech Lab  
  34  3:20  Medivac  
  36  3:27  SCV  
  37  3:39  SCV  
  37  3:40  Siege Tank  
  41  3:41  SCV  
  41  3:43  Marine  
  41  3:44  Marine  
  44  3:51  SCV  
  44  3:52  Barracks  
  45  3:56  SCV  
  45  3:58  Supply Depot  
  45  4:01  Marine  
  47  4:03  Marine, SCV  
  47  4:08  SCV  
  50  4:10  Supply Depot  
  50  4:12  Siege Tank  
  53  4:18  SCV  
  52  4:25  Marine x2  
  52  4:26  SCV  
  52  4:28  Supply Depot  
  48  4:31  SCV  
  48  4:33  Barracks  
  48  4:43  SCV  
  48  4:44  Marine x2, Siege Tank  
  54  4:47  SCV  
  54  4:50  Medivac  
  54  4:51  Supply Depot, Marine  
  58  4:59  SCV x2  
  59  5:02  Marine x2  
  61  5:09  Refinery, Marine  
  61  5:12  SCV x2  
  64  5:16  Siege Tank  
  64  5:20  Marine  
  63  5:21  Marine  
  63  5:24  SCV x2  
  63  5:27  Marine  
  62  5:36  SCV x2, Marine  
  62  5:37  Marine  
  62  5:39  Marine  
  64  5:45  Marine  
  64  5:48  Liberator, SCV x2  
  68  5:54  Marine  
  68  5:55  Marine  
  67  5:57  Marine  
  67  6:00  SCV x2  
  64  6:12  Marine, SCV x2  
  64  6:13  Marine  
  64  6:15  Marine  
  68  6:24  SCV  
  68  6:25  SCV  
  70  6:26  Barracks Tech Lab  
  70  6:27  Command Center  
  70  6:29  Refinery  
  71  6:36  Marine x2  
  71  6:37  SCV x2  
  75  6:45  Refinery  
  73  6:49  SCV x2  
  73  6:50  Marine  
  73  6:53  Marine  
  75  6:57  Marine  
  75  7:01  SCV x2  
  77  7:02  Marine  
  77  7:08  Marine  
  77  7:11  Marine  
  77  7:14  Widow Mine  
  77  7:15  SCV  
  75  7:16  Marauder  
  75  7:20  Marine  
  75  7:21  SCV  
Tags
 
Add a new tag
Caveats
  • Supply blocks, unpowered buildings, or Contaminate may cause inaccurate times.
  • Supply counts are checked every 10 seconds.